 Dungeon Crawl Stone Soup version 0.24.0-13-gcf9b3192b9 (webtiles) character file.

Game seed: 16636368684525863900, levelgen mode: classic

22 EnegeticOcto the Ducker (level 3, -3/22 HPs)
             Began as a Kobold Skald on Nov 7, 2019.
             Killed from afar by Natasha (9 damage)
             ... with a magic dart
             ... on level 2 of the Dungeon.
             The game lasted 00:01:03 (993 turns).

EnegeticOcto the Ducker (Kobold Skald)               Turns: 993, Time: 00:01:03

Health: -3/22      AC:  3    Str:  9    XL:     3   Next: 7%
Magic:  6/6        EV: 15    Int: 14    God:
Gold:   43         SH:  0    Dex: 14    Spells: 3/6 levels left

rFire    . . .     SeeInvis .   a - +0 short sword
rCold    . . .     Gourm    .   (shield restricted)
rNeg     . . .     Faith    .   b - +0 leather armour
rPois    .         Spirit   .   (no helmet)
rElec    .         Reflect  .   (no cloak)
rCorr    .         Harm     .   (no gloves)
MR       .....                  (no boots)
Stlth    ++........             (no amulet)
HPRegen  0.07/turn              (no ring)
MPRegen  0.10/turn              (no ring)

@: no status effects
A: small, carnivore
a: no special abilities


You were on level 2 of the Dungeon.
You were completely stuffed.

You visited 1 branch of the dungeon, and saw 2 of its levels.

You collected 43 gold pieces.

Inventory:

Hand Weapons
 a - a +0 short sword (weapon)
Armour
 b - a +0 leather armour (worn)
Scrolls
 g - a scroll of fog {!r}
Potions
 d - a potion of lignification {unknown}
 f - 2 potions of curing {unknown}
 h - 2 potions of haste {unknown}
Comestibles
 e - 3 rations


   Skills:
 + Level 2.8 Fighting
 - Level 2.6 Short Blades
 - Level 0.7 Armour
 + Level 3.0 Dodging
 + Level 1.8 Stealth
 - Level 2.1 Spellcasting
 - Level 2.4 Charms


You had 3 spell levels left.
You knew the following spells:

 Your Spells              Type           Power        Failure   Level  Hunger
a - Infusion              Chrm           #...         12%         1    #......
b - Shroud of Golubria    Chrm/Tloc      #.....       28%         2    ###....

Your spell library contained the following spells:

 Spells                   Type           Power        Failure   Level  Hunger
 Song of Slaying          Chrm           #.......     19%         2    ###....
 Regeneration             Chrm/Necr      #.........   50%         3    ###....
 Spectral Weapon          Hex/Chrm       #.......     50%         3    ###....


Dungeon Overview and Level Annotations

Branches:
Dungeon (2/15)

Altars:

Annotations:
D:2 Natasha


Innate Abilities, Weirdness & Mutations

You are small and have problems with some larger weapons.
You are carnivorous and can eat meat at any time.


Message History

The goblin is heavily wounded.
The goblin closely misses you.
You hit the goblin.
The goblin is severely wounded.
The goblin barely misses you.
You miss the goblin.
The goblin is severely wounded.
The goblin closely misses you.
You completely miss the goblin.
The goblin is severely wounded.
The goblin hits you.
You hit the goblin.
You kill the goblin!
The rat barely misses you.
You hit the rat.
The rat is heavily wounded.
The rat bites you.
You hit the rat.
You kill the rat!
You hit the frilled lizard.
You kill the frilled lizard!
Your Dodging skill increases to level 3!
The kobold throws a stone.
The stone hits you but does no damage.
You hit the rat.
You kill the rat!
You barely miss the kobold. The kobold completely misses you.
You closely miss the kobold. The kobold hits you.
You miss the kobold. The kobold completely misses you.
You hit the kobold but do no damage. The kobold barely misses you.
You hit the kobold but do no damage. The kobold hits you but does no damage.
You hit the kobold.
You kill the kobold!
Your magical contamination has completely faded away.
No target in view!
No target in view!
No target in view!
No target in view!
No target in view!
No target in view!
Things that are here:
a kobold corpse; a rat corpse You butcher the rat corpse.
j - 3 chunks of flesh (gained 1)
Things that are here:
a kobold corpse; a rat skeleton
Things that are here:
a kobold corpse; a rat skeleton
Found a short sword.
A goblin comes into view.
A goblin is nearby!
The goblin shouts!
You closely miss the goblin. The goblin hits you but does no damage.
You hit the goblin.
You kill the goblin!
You have reached level 3!
Your experience leads to an increase in your attributes!
Increase (S)trength, (I)ntelligence, or (D)exterity?
You feel stronger.
Some of the chunks of flesh in your inventory have rotted away.
e - 3 rations (gained 1) Eating a chunk of flesh.
You eat the chunk of flesh.
This raw flesh tastes great.
Things that are here:
a kobold corpse; a rat skeleton You see here 2 stones.
You see here an uncursed ring of teleportation.
Done exploring.
Done exploring.
Done exploring.
Done exploring.
Done exploring.
Search for what [? for help]? .
(D) Dungeon
Where to? (? - help)
There is a stone staircase leading down here.
You climb downwards.
A bat, a goblin and Natasha come into view.
Found a stone staircase leading up.
There is a stone staircase leading up here.
The helpless goblin fails to defend itself.
You puncture the goblin!
You kill the goblin!
Natasha completely misses you.
You hit Natasha but do no damage. Natasha barely misses you.
You closely miss Natasha. Natasha casts a spell at you.
The magic dart hits you!
You miss Natasha.
Natasha howls an incantation.
Natasha glows brightly for a moment.
Natasha barely misses you.
You completely miss Natasha.
Natasha casts a spell.
You hit Natasha but do no damage. Natasha claws you.
The crimson imp completely misses you. Natasha claws you.
* * * LOW HITPOINT WARNING * * *
Natasha casts a spell at you. The magic dart hits you!
You die...

## .. # ### .###
#.# #.. ... b.
#.###.######
##.##.#.#.h5......
.......<@.####.##.
##.##.....#
###.#.# .......
#.#.....## #
#.<...# ..##...
### ....# .##.#


You could see Natasha and a crimson imp.

Vanquished Creatures
  4 bats (D:1)
  A giant cockroach (D:1)
  5 goblins
  4 jackals (D:1)
  A ball python (D:1)
  2 frilled lizards (D:1)
  A kobold (D:1)
  3 rats (D:1)
21 creatures vanquished.

Notes
Turn   | Place    | Note
-------+----------+-------------------------------------------
     0 | D:1      | EnegeticOcto the Kobold Skald began the quest for the Orb.
     0 | D:1      | Reached XP level 1. HP: 12/12 MP: 3/3
   222 | D:1      | Reached skill level 1 in Stealth
   231 | D:1      | Reached XP level 2. HP: 12/18 MP: 5/5
   562 | D:1      | Learned a level 2 spell: Shroud of Golubria
   749 | D:1      | Reached skill level 3 in Dodging
   859 | D:1      | Reached XP level 3. HP: 22/22 MP: 6/6
   981 | D:2      | Noticed Natasha
   993 | D:2      | Killed from afar by Natasha

Levels and vault maps discovered:
D:1:      lightli_arrival_statuegarden, layout_rooms, minmay_misc_feat_enclosed,
          minmay_pentomino_z4
D:2:      layout_basic, uniq_natasha

Skill      XL: |  1  2 |
---------------+-------+-----
Stealth        | 1 |  1.8
Dodging        | 3 |  3.0
Fighting       | |  2.8
Short Blades   | |  2.6
Armour         | |  0.7
Spellcasting   | |  2.1
Charms         | |  2.4

Action                   || total
-------------------------++-------
Melee: Short sword       ||    89
 Cast: Shroud of Golubri ||     1
       Infusion          ||     1
  Use: Scroll            ||     5
 Stab: Sleeping          ||     1
  Eat: Chunk             ||     9
Armor: Leather armour    ||    28
Dodge: Dodged            ||    85
